 Dungeon Crawl Stone Soup version 0.22.1-2-g9c5b331383 (webtiles) character file.

4695 Marlight the Carver (level 10, -5/90 HPs)
             Began as a Deep Dwarf Berserker on Nov 24, 2018.
             Was a Priest of Trog.
             Slain by a freezing wraith (19 damage)
             ... led by a death knight
             ... on level 10 of the Dungeon.
             The game lasted 00:52:54 (7835 turns).

Marlight the Carver (Deep Dwarf Berserker)          Turns: 7835, Time: 00:52:57

Health: -5/90      AC: 10    Str: 22    XL:     10   Next: 21%
Magic:  7/7        EV: 12    Int:  6    God:    Trog [***...]
Gold:   255        SH: 16    Dex: 18    Spells: 9/9 levels left

rFire    . . .     SeeInvis .   a - +2 falchion
rCold    . . .     Gourm    .   u - +0 large shield
rNeg     . . .     Faith    .   e - +0 ring mail
rPois    +         Spirit   .   (no helmet)
rElec    .         Reflect  .   l - scarf {repulsion}
rCorr    .         Harm     .   C - +0 pair of gloves
MR       +....                  A - +0 pair of boots
Stlth    ++........             (no amulet)
HPRegen  0.00/turn              g - +4 ring of dexterity
MPRegen  0.10/turn              B - ring of poison resistance

@: non-regenerating, slowed, repel missiles, very slow
A: damage resistance, heal wounds, blink, dopey 1, sense surroundings 2, shaggy
fur 1, no regeneration
a: Heal Wounds, Blink, Berserk, Trog's Hand, Renounce Religion


You were on level 10 of the Dungeon.
You worshipped Trog.
Trog was most pleased with you.
You were not hungry.

You visited 1 branch of the dungeon, and saw 10 of its levels.
You also visited: Sewer.

You collected 546 gold pieces.
You spent 291 gold pieces at shops.

Inventory:

Hand Weapons
 a - a +2 falchion (weapon)
 w - a +4 morningstar
 E - a cursed +4 battleaxe
 F - a +2 long sword
Armour
 e - a +0 ring mail (worn)
 l - a scarf of repulsion (worn)
 u - a +0 large shield (worn)
 A - a +0 pair of boots (worn)
 C - a +0 pair of gloves (worn)
Jewellery
 g - a +4 ring of dexterity (left hand)
 B - a ring of poison resistance (right hand)
 J - an uncursed ring of resist corrosion {unknown}
 L - the ring of Hiacue {rN+ Str+4, unknown}
   (You found it on level 10 of the Dungeon)

   [ring of positive energy]

   It affects your strength (+4).
   It protects you from negative energy.
Wands
 y - a wand of enslavement (10)
 z - a wand of iceblast (11)
 G - a wand of acid (11)
Scrolls
 b - a scroll of blinking
 i - 2 scrolls of remove curse
 k - a scroll of amnesia
 o - a scroll of fear {unknown}
 q - a scroll of fog {unknown}
 r - 4 scrolls of teleportation
 s - a scroll of noise {unknown}
 D - a scroll of enchant armour {unknown}
 I - a scroll of magic mapping
Potions
 d - 2 potions of brilliance {unknown}
 f - 2 potions of resistance {unknown}
 h - a potion of agility
 j - 2 potions of curing
 m - a potion of might
 n - 3 potions of lignification {unknown}
 p - 4 potions of heal wounds
 t - a potion of haste {unknown}
 v - a potion of degeneration {unknown}
 x - 2 potions of magic {unknown}
 K - a potion of ambrosia {unknown}
Miscellaneous
 H - a crystal ball of energy
Comestibles
 c - 20 rations


   Skills:
 + Level 5.6 Fighting
 + Level 9.7 Long Blades
 + Level 6.5 Armour
 + Level 6.7 Dodging
 + Level 2.3 Stealth
 + Level 7.0 Shields


You had 9 spell levels left.
You didn't know any spells.
Your spell library was empty.

Dungeon Overview and Level Annotations

Branches:
Dungeon (10/15)            Temple (0/1) D:6
   Lair: D:8-11         Orc: D:9-12

Altars:
Ashenzari
Cheibriados
Dithmenos
Fedhas
Gozag
Kikubaaqudgha
Nemelex Xobeh
Ru
Sif Muna
Yredelemnul

Shops:
D:5 %=*   D:6 ?   D:7 %   D:8 ?


Innate Abilities, Weirdness & Mutations

You are resistant to damage.
You can heal yourself by infusing magical energy.
You passively map the area around you.
You do not regenerate.
You can translocate small distances at will.
You are dopey. (Int -2)
You are covered in fur. (AC +1)


Message History

The freezing wraith freezes you! The freezing wraith barely misses you.
The freezing wraith hits you but does no damage.
You block the freezing wraith's attack. x2
The freezing wraith hits you but does no damage.
You block the freezing wraith's attack. The freezing wraith hits you!
The freezing wraith drains your vigour!
You feel as though you will be slow longer.
You hit the freezing wraith.
The freezing wraith is lightly damaged.
You block the freezing wraith's attack. The freezing wraith hits you.
You block the freezing wraith's attack.
The freezing wraith hits you but does no damage.
You hit the freezing wraith but do no damage.
The freezing wraith is lightly damaged.
The freezing wraith hits you. The freezing wraith freezes you!
* * * LOW HITPOINT WARNING * * *
You block the freezing wraith's attack. The freezing wraith hits you!
* * * LOW HITPOINT WARNING * * *
The freezing wraith freezes you!!
You die...

#................#
##..............##,
#.............## ##
###..........##
..#* ####........#*
....* *
####.##..##.$... ,
#####........,, ,
##WW....... , *,, ,
*#.@#....... ,
*#..###...... , ,,*
#..## *...... ,,, ,
, ..##* *#..... , ,
,,, ,, #..# ..... ,
, #..#* *#.... , ,
, , *.## *.... ,,,
, , ,,, ,, ,* , , ,


You could see 2 freezing wraiths.

Vanquished Creatures
  A hornet (D:9)
  A hippogriff (D:8)
  Sigmund (D:5)
  A spriggan (D:7)
  5 yaks (D:9)
  A steam dragon (D:9)
  A water moccasin (D:8)
  A black bear (D:8)
  3 orc warriors
  2 sky beasts
  2 necrophages
  4 ogres
  A crocodile (D:9)
  3 bullfrogs
  2 big kobolds (D:8)
  2 scorpions
  4 wights (D:9)
  3 crimson imps
  A bullfrog zombie (D:5)
  A quasit (D:9)
  2 jellies
  A bullfrog skeleton (D:8)
  A centaur skeleton (D:5)
  An orc priest (D:6)
  7 hounds
  An iguana (D:7)
  Terence (D:2)
  9 orc wizards
  5 worker ants
  A hound zombie (D:7)
  3 gnolls (D:6)
  15 adders
  A river rat (D:5)
  2 shadow imps (D:8)
  4 worms
  2 dart slugs (D:2)
  3 leopard geckos
  35 orcs
  3 giant cockroaches
  5 goblins
  9 hobgoblins
  12 jackals
  19 kobolds
  5 quokkas
  3 ball pythons (Sewer)
  10 bats
  5 frilled lizards
  A jackal skeleton (D:5)
  6 rats
  A plant (Sewer)
213 creatures vanquished.

Vanquished Creatures (others)
  An adder (D:8)
  An orc (D:4)
  2 plants (D:9)
  3 withered plants (D:9)
7 creatures vanquished.

Grand Total: 220 creatures vanquished

Notes
Turn   | Place    | Note
-------+----------+-------------------------------------------
     0 | D:1      | Marlight the Deep Dwarf Berserker began the quest for the
                  | Orb.
     0 | D:1      | Reached XP level 1. HP: 20/20 MP: 1/1
   201 | D:1      | Reached XP level 2. HP: 23/28 MP: 2/2
   472 | D:2      | Noticed Terence
   495 | D:2      | Killed Terence
   495 | D:2      | Reached XP level 3. HP: 24/34 MP: 2/2
   717 | D:2      | Found a shattered altar of Ashenzari.
   728 | D:2      | Reached ** piety under Trog
   767 | D:2      | Reached skill level 4 in Long Blades
   793 | D:2      | Reached XP level 4. HP: 35/42 MP: 3/3
  1496 | D:3      | Reached XP level 5. HP: 34/49 MP: 4/4
  1798 | D:3      | Found a snail-covered altar of Cheibriados.
  2108 | D:4      | Reached skill level 5 in Long Blades
  2390 | D:4      | Found a shadowy altar of Dithmenos.
  2404 | D:4      | Found a basalt altar of Yredelemnul.
  2440 | D:4      | Reached XP level 6. HP: 43/56 MP: 5/5
  2543 | D:4      | Reached *** piety under Trog
  2549 | D:4      | Reached skill level 1 in Shields
  2814 | D:4      | Gained mutation: You are dopey. (Int -2) [potion of
                  | mutation]
  2814 | D:4      | Gained mutation: You can translocate small distances at
                  | will. [potion of mutation]
  2814 | D:4      | Gained mutation: You are covered in fur. (AC +1) [potion of
                  | mutation]
  2928 | D:5      | Entered Level 5 of the Dungeon
  3033 | D:5      | Found a sparkling altar of Nemelex Xobeh.
  3033 | D:5      | Found a deep blue altar of Sif Muna.
  3033 | D:5      | Found a sacrificial altar of Ru.
  3058 | D:5      | Found a glowing drain.
  3085 | D:5      | Reached XP level 7. HP: 25/62 MP: 5/5
  3128 | Sewer    | Entered a sewer
  3632 | D:5      | Reached skill level 6 in Long Blades
  3637 | D:5      | Noticed Sigmund
  3639 | D:5      | Found an opulent altar of Gozag.
  3650 | D:5      | Killed Sigmund
  3653 | D:5      | Found Gozag's Platinum Reserve.
  3746 | D:5      | Found Gurch's Food Emporium.
  3753 | D:5      | Bought a ration for 65 gold pieces
  3753 | D:5      | Bought a ration for 65 gold pieces
  3753 | D:5      | Bought a ration for 65 gold pieces
  3887 | D:5      | Found Xesifer's Jewellery Shop.
  4256 | D:6      | Found Fankel's Magic Scroll Emporium.
  4274 | D:6      | Reached skill level 5 in Armour
  4274 | D:6      | Reached skill level 1 in Stealth
  4274 | D:6      | Reached XP level 8. HP: 37/71 MP: 6/6
  4284 | D:6      | Reached skill level 7 in Long Blades
  4488 | D:6      | Bought a scroll of identify for 24 gold pieces
  4488 | D:6      | Bought a scroll of identify for 24 gold pieces
  4488 | D:6      | Bought a scroll of identify for 24 gold pieces
  4488 | D:6      | Bought a scroll of identify for 24 gold pieces
  4563 | D:6      | Found a staircase to the Ecumenical Temple.
  5170 | D:7      | Reached skill level 5 in Dodging
  5417 | D:7      | Reached skill level 8 in Long Blades
  5442 | D:7      | Found Romonops's Food Boutique.
  5721 | D:8      | Found a sparkling altar of Nemelex Xobeh.
  5908 | D:8      | Gained mutation: You passively map the area around you.
                  | [Deep Dwarf growth]
  5908 | D:8      | Reached XP level 9. HP: 70/80 MP: 6/6
  6019 | D:8      | Reached skill level 5 in Fighting
  6428 | D:8      | Reached skill level 5 in Shields
  6479 | D:8      | Found Jios's Magic Scroll Boutique.
  6711 | D:8      | Got a warped scale mail
  6797 | D:8      | Reached skill level 9 in Long Blades
  6809 | D:8      | Reached **** piety under Trog
  7154 | D:9      | Identified the cursed +0 scale mail of Duty {rN+++ MP+9
                  | Str-4 Int-4} (You found it on level 8 of the Dungeon)
  7249 | D:9      | Reached XP level 10. HP: 63/88 MP: 7/7
  7305 | D:9      | Found an ancient bone altar of Kikubaaqudgha.
  7310 | D:9      | Paralysed by a hornet for 3 turns
  7333 | D:9      | Found a blossoming altar of Fedhas.
  7752 | D:10     | Entered Level 10 of the Dungeon
  7760 | D:10     | Got a fine lapis lazuli ring
  7835 | D:10     | Slain by a freezing wraith

Skill      XL: |  1  2  3  4  5  6  7  8  9 10 |
---------------+-------------------------------+-----
Fighting       | 3 4 5 |  5.6
Dodging        | 3 4 5 6 |  6.7
Long Blades    | 4 5 6 8 9 |  9.7
Armour         | 3 4 5 6 |  6.5
Shields        | 1 2 3 6 7 |  7.0
Stealth        | 1 2 |  2.3

Action                   |  1- 3 |  4- 6 |  7- 9 | 10-12 || total
-------------------------+-------+-------+-------+-------++-------
Melee: Falchion          |    91 |   321 |   705 |    81 ||  1198
Invok: Berserk           |     1 |       |       |       ||     1
       Trog's Hand       |       |     6 |    10 |     3 ||    19
 Abil: Heal Wounds       |     3 |     1 |     4 |       ||     8
  Use: Scroll            |     3 |     4 |    15 |       ||    22
       Potion            |       |     4 |     7 |     2 ||    13
 Stab: Sleeping          |       |       |     3 |       ||     3
  Eat: Ration            |     1 |     3 |     5 |     1 ||    10
Armor: Animal skin       |    16 |       |       |       ||    16
       Ring mail         |       |    93 |   167 |    22 ||   282
Dodge: Dodged            |    67 |   214 |   241 |    20 ||   542
       Deflected         |       |     3 |     5 |       ||     8
Block: Buckler           |       |    54 |    43 |       ||    97
       Large shield      |       |       |   333 |    62 ||   395
       Rpst.: Falchion   |    25 |    54 |    62 |     2 ||   143
